AoeStats
← waLLefps.

Nomad

507071078Analyzed
2v2 RM · 15d ago on Sep 16, 2026· 51m 49s· 4 players
Game mode
Random Map
Map size
176×176
Population
200
Speed
Normal
Resources
Standard
Victory
Conquest
Starting age
Dark Age
Ending age
Imperial Age
RankedLock teamsTeams togetherTeam positionsShared explorationLock speedFull tech treeHidden civsTurbo modeCheats
Victory
Defeat
🇹🇷 Khmer · Türkiye
1438
+15
🇹🇷 Sicilians · Türkiye
1430
+16
🇩🇪 Bohemians · Germany
1438
-16
🇫🇷 Malay · France
1407
-15
vaeVictis
5:27 Loom
15:29 Feudal Age
15:05 Double-Bit Axe
15:04 Fishing Lines
21:21 Castle Age
19:43 Fletching
20:04 Forging
19:57 Gold Mining
21:26 Medium Warships
21:47 Bow Saw
23:11 Crossbowman
23:53 Bodkin Arrow
24:31 Town Watch
25:01 Padded Archer Armor
25:01 Gillnets
28:46 Gold Shaft Mining
28:43 Clinker Construction
28:58 Leather Archer Armor
29:34 Ballistics
31:38 Wheelbarrow
31:30 Careening
31:44 Horse Collar
34:46 Thumb Ring
38:19 Imperial Age
38:52 Heavy Warships
40:55 Iron Casting
42:41 Conscription
42:40 Pikeman
43:20 Squires
44:39 Stone Mining
45:01 Bracer
46:02 Blast Furnace
48:03 Ring Archer Armor
48:14 Guilds
48:19 Halberdier
49:48 Hand Cart
52:44 Chemistry
pauljkrs
4:51 Loom
13:34 Feudal Age
14:58 Fletching
17:12 Double-Bit Axe
17:33 Fishing Lines
21:18 Castle Age
21:17 Padded Archer Armor
22:30 Bow Saw
23:24 Bodkin Arrow
32:05 Horse Collar
35:25 Imperial Age
34:48 Chemistry
34:04 Leather Archer Armor
35:49 Wheelbarrow
43:58 Ballistics
45:34 Pikeman
46:22 Halberdier
47:21 Scale Mail Armor
47:58 Squires
48:17 Chain Mail Armor
51:45 Town Watch
waLLefps.
4:52 Loom
15:21 Feudal Age
16:09 Fishing Lines
19:29 Castle Age
17:46 Fletching
18:00 Double-Bit Axe
19:57 Scale Barding Armor
20:47 Gillnets
21:41 Bow Saw
21:58 Chain Barding Armor
21:50 Town Watch
22:40 Wheelbarrow
23:22 Forging
23:23 Bloodlines
24:27 Medium Warships
24:30 Gold Mining
25:22 Hand Cart
26:23 Stone Mining
27:27 Iron Casting
30:02 Gold Shaft Mining
35:04 Imperial Age
32:47 Horse Collar
33:13 Husbandry
35:10 Tusk Swords
35:46 Heavy Plow
36:30 Plate Barding Armor
36:08 Light Cavalry
37:18 Bodkin Arrow
37:45 Elite Battle Elephant
42:40 Hussar
49:03 Capped Ram
49:07 Heavy Scorpion
50:04 Siege Ram
51:47 Chemistry
50:53 Siege Engineers
51:10 Ballistics
Tameryig1t
5:22 Loom
14:36 Feudal Age
18:04 Double-Bit Axe
19:40 Gold Mining
19:40 Stone Mining
19:32 Horse Collar
20:15 Fletching
23:06 Wheelbarrow
28:42 Castle Age
27:19 Scale Barding Armor
28:55 Forging
29:34 Husbandry
29:44 Bloodlines
29:56 Chain Barding Armor
30:11 Iron Casting
32:10 Bow Saw
33:18 Hand Cart
41:00 Imperial Age
38:48 Heavy Plow
39:18 Bodkin Arrow
39:16 Light Cavalry
41:11 Cavalier
42:52 Blast Furnace
42:28 Plate Barding Armor
42:34 Gambesons
42:49 Squires
42:35 Arson
43:53 Conscription
44:36 Gold Shaft Mining
44:36 Stone Shaft Mining
43:48 Man-at-Arms
46:25 Long Swordsman
47:23 Scale Mail Armor
48:08 Two-Handed Swordsman
48:49 Champion
50:20 Crop Rotation
Connection lost

Rejoining the realm…

Still unreachable

The connection could not be restored.

Session expired

The server has moved on; the page needs a fresh start.